 Dungeon Crawl Stone Soup version 0.25-a0-156-g0c4bda3fdf (webtiles) character file.

Game seed: 12917528179951029811, levelgen mode: deterministic

192 vurker the Skirmisher (level 6, -1/49 HPs)
             Began as a Formicid Abyssal Knight on Nov 20, 2019.
             Was a Priest of Lugonu.
             Killed from afar by an orc wizard (12 damage)
             ... with a puff of flame
             ... on level 3 of the Dungeon.
             The game lasted 00:03:21 (3031 turns).

vurker the Skirmisher (Formicid Abyssal Knight)     Turns: 3031, Time: 00:03:21

Health: -1/49      AC:  3    Str: 19    XL:     6   Next: 2%
Magic:  8/8        EV: 11    Int: 11    God:    Lugonu [***...]
Gold:   150        SH:  0    Dex: 10    Spells: 5/5 levels left

rFire    . . .     SeeInvis +   a - +1 hand axe
rCold    . . .     Gourm    .   (no shield)
rNeg     . . .     Faith    .   b - +0 leather armour
rPois    .         Spirit   .   (helmet unavailable)
rElec    .         Reflect  .   (no cloak)
rCorr    .         Harm     .   (no gloves)
MR       .....                  (no boots)
Stlth    +.........             (no amulet)
HPRegen  0.16/turn              (no ring)
MPRegen  0.11/turn              (no ring)

@: no status effects
A: permanent stasis, dig shafts and tunnels, four strong arms, antennae 3
a: Dig, Shaft Self, Depart the Abyss, Bend Space, Banish, Renounce Religion


You were on level 3 of the Dungeon.
You worshipped Lugonu.
Lugonu was most pleased with you.
You were not hungry.

You visited 1 branch of the dungeon, and saw 3 of its levels.
You visited the Abyss 1 time.

You collected 150 gold pieces.

Inventory:

Hand Weapons
 a - a +1 hand axe (weapon)
Armour
 b - a +0 leather armour (worn)
Scrolls
 c - 4 scrolls of identify {unknown}
 f - a scroll of enchant weapon {unknown}
 g - a scroll of immolation {unknown}
 h - a scroll of enchant armour {unknown}
 i - a scroll of blinking {unknown}
 j - a scroll of amnesia {unknown}
Potions
 d - a potion of cancellation {unknown}
 k - a potion of curing {unknown}
 l - a potion of heal wounds {unknown}
 n - a potion of haste {unknown}
Comestibles
 e - 6 rations
 m - 5 chunks of flesh


   Skills:
 + Level 4.3 Fighting
 * Level 4.3 Axes
 - Level 2.1 Armour
 - Level 0.8 Dodging
 + Level 3.8 Invocations


You had 5 spell levels left.
You didn't know any spells.
Your spell library was empty.

Dungeon Overview and Level Annotations

Branches:
Dungeon (3/15)

Altars:
The Shining One


Innate Abilities, Weirdness & Mutations

You cannot be hasted, slowed, berserked, paralysed or teleported.
You can dig through walls and to a lower floor.
Your four strong arms can wield two-handed weapons with a shield.
You have a pair of large antennae on your head. (SInv)


Message History

* * * LOW HITPOINT WARNING * * *
You hit the orc priest.
The orc priest hits you with a +0 flail.
* * * LOW HITPOINT WARNING * * *
You slash the orc priest!
You kill the orc priest!
Lugonu accepts your kill.
Your Axes skill increases to level 4!
You barely miss the orc priest.
The orc priest looks satisfied for a moment.
You slash the orc priest! The orc priest barely misses you.
You hit the orc priest.
The orc priest hits you but does no damage.
The orc wizard looks satisfied for a moment.
You hit the orc priest.
The orc priest hits you with a cursed -1 club.
* * * LOW HITPOINT WARNING * * *
You hit the orc priest. The orc priest closely misses you.
The orc wizard gestures wildly while chanting.
The orc wizard flickers and vanishes for a moment.
You closely miss the orc priest.
The orc priest hits you with a cursed -1 club.
* * * LOW HITPOINT WARNING * * *
You slash the orc priest!
You kill the orc priest!
Lugonu accepts your kill.
You have reached level 6!
Your experience leads to an increase in your attributes!
Increase (S)trength, (I)ntelligence, or (D)exterity?
You feel stronger.
The orc wizard looks braver for a moment.
You slash the dart slug! You hit the dart slug but do no damage.
The dart slug launches a dart at you.
The slug dart hits you but does no damage.
You hit the dart slug but do no damage.
The dart slug bites you but does no damage.
You slash the dart slug!
You kill the dart slug!
Lugonu accepts your kill.
You closely miss the orc wizard.
The orc wizard begins to cast a cantrip, but forgets the words!
The orc wizard barely misses you.
You hit the orc wizard but do no damage.
The orc wizard closely misses you. The orc wizard barely misses you.
You closely miss the orc wizard. The orc wizard closely misses you.
You hit the orc wizard. The orc wizard completely misses you.
The orc wizard casts a spell at you. The puff of flame hits you!
You die...

############
......o@...#
.....#####.#
### ### #.#
..# ###.#
#.# #...#
#.# #.###
#.########
#.#
.........#
#.#
#.######.#
#.#


You could see an orc wizard (invisible).

Vanquished Creatures
  2 orc priests (D:3)
  Ijyb (D:3)
  2 adders (D:2)
  6 dart slugs
  A leopard gecko (D:2)
  4 orcs (D:3)
  A ball python (D:1)
  5 giant cockroaches
  11 goblins
  10 hobgoblins
  A quokka (D:3)
  10 bats
  5 frilled lizards
  7 kobolds
  8 rats
74 creatures vanquished.

Notes
Turn   | Place    | Note
-------+----------+-------------------------------------------
     0 | Abyss:1  | vurker the Formicid Abyssal Knight began the quest for the
                  | Orb.
     0 | Abyss:1  | Reached XP level 1. HP: 18/18 MP: 2/2
    11 | D:1      | Escaped the Abyss
    90 | D:1      | Reached XP level 2. HP: 23/24 MP: 3/3
   843 | D:1      | Reached ** piety under Lugonu
  1003 | D:1      | Reached XP level 3. HP: 20/29 MP: 4/4
  1141 | D:1      | Found a glowing golden altar of the Shining One.
  1763 | D:2      | Reached XP level 4. HP: 26/37 MP: 6/6
  2501 | D:3      | Noticed Ijyb
  2508 | D:3      | Reached *** piety under Lugonu
  2552 | D:3      | Killed Ijyb
  2552 | D:3      | Reached XP level 5. HP: 12/42 MP: 7/7
  3023 | D:3      | Reached XP level 6. HP: 9/49 MP: 8/8
  3031 | D:3      | Killed from afar by an orc wizard

Levels and vault maps discovered:
D:1:      dpeg_arrival_houses_and_road, layout_basic, tso_metal_star
D:2:      layout_rooms, first_ration
D:3:      layout_loops_ring, dancing_weapons_uskayaw, guppyfry_early_orc_mine,
          uniq_ijyb

Skill      XL: |  1  2  3  4  5 |
---------------+----------------+-----
Axes           | 3 4 |  4.3
Invocations    | 3 |  3.8
Fighting       | 4 |  4.3
Armour         | |  2.1
Dodging        | |  0.8

Action                   |  1- 3 |  4- 6 || total
-------------------------+-------+-------++-------
Melee: Hand axe          |   122 |   133 ||   255
  Eat: Chunk             |     3 |     4 ||     7
Armor: Leather armour    |    61 |    32 ||    93
Dodge: Dodged            |    99 |    77 ||   176

Table legend:
 A = Non-vault XP
 B = Vault XP
 C = Vault XP percentage of total XP
 D = Non-vault monster count
 E = Vault monster count
 F = Vault count percentage of total count
                 A         B        C        D         E       F
            +---------+---------+-------+---------+---------+-------
      Total |     239 |      36 |  13.1 |      72 |       2 |   2.7
            +---------+---------+-------+---------+---------+-------
        D:1 |      46 |       0 |   0.0 |      28 |       0 |   0.0
        D:2 |      78 |       0 |   0.0 |      28 |       0 |   0.0
        D:3 |     115 |      36 |  23.8 |      16 |       2 |  11.1
            +---------+---------+-------+---------+---------+-------
